 Dungeon Crawl Stone Soup version 0.28.0-43-g3370ac3207 (webtiles) character file.

Game seed: 2860249133345245806

58 vvl the Stinger (level 3, -1/24 HPs)
             Began as a Demonspawn Venom Mage on Mar 14, 2022.
             Slain by a centaur skeleton (3 damage)
             ... on level 2 of the Dungeon.
             The game lasted 00:03:40 (2124 turns).

vvl the Stinger (Demonspawn Venom Mage)             Turns: 2124, Time: 00:03:40

Health: -1/24      AC:  2    Str:  8    XL:     3   Next: 76%
Magic:  6/6        EV: 14    Int: 18    God:
Gold:   81         SH:  0    Dex: 13    Spells: 5/6 levels left

rFire   . . .      SeeInvis .   e - +0 short sword
rCold   . . .      Faith    .   (no shield)
rNeg    . . .      Spirit   .   a - +0 robe
rPois   .          Reflect  .   (no helmet)
rElec   .          Harm     .   (no cloak)
rCorr   +          Rampage  .   (no gloves)
Will    .....                   (no boots)
Stlth   ++........              (no amulet)
HPRegen 0.08/turn               b - ring of resist corrosion
MPRegen 0.10/turn               (no ring)

@: no status effects
A: repulsion field 1, demonic magic 1
a: no special abilities


You were on level 2 of the Dungeon.
You visited 1 branch of the dungeon, and saw 2 of its levels.

You collected 81 gold pieces.

Inventory:

Hand Weapons
 e - a +0 short sword (weapon)
Armour
 a - a +0 robe (worn)
Magical Staves
 c - a staff of poison
Jewellery
 b - a ring of resist corrosion (left hand)
Wands
 j - a wand of iceblast (14)
Scrolls
 h - a scroll of identify {unknown}
 i - a scroll of vulnerability {unknown}
 l - a scroll of amnesia {unknown}
 n - a scroll of enchant weapon {unknown}
Potions
 d - a potion of heal wounds {unknown}
 f - a potion of magic {unknown}
 g - a potion of degeneration {unknown}
 k - a potion of brilliance {unknown}
 m - a potion of curing {unknown}


   Skills:
 + Level 2.2 Dodging
 - Level 2.0 Stealth
 + Level 2.4 Spellcasting
 + Level 1.5 Transmutations
 * Level 3.8 Poison Magic


You had 5 spell levels left.
You knew the following spells:

 Your Spells              Type           Power      Damage    Failure   Level
a - Sting                 Tmut/Pois      44%        1d5       6%          1

Your spell library contained the following spells:

 Spells                   Type           Power      Damage    Failure   Level
 Poisonous Vapours        Pois/Air       18%        N/A       12%         2
 Summon Small Mammal      Summ           8%         N/A       17%         1
 Mephitic Cloud           Conj/Pois/Air  6%         N/A       30%         3
 Olgreb's Toxic Radiance  Pois           15%        N/A       36%         4
 Call Canine Familiar     Summ           2%         N/A       45%         3
 Summon Guardian Golem    Hex/Summ       2%         N/A       45%         3


Dungeon Overview and Level Annotations

Branches:
Dungeon (2/15)

Altars:


Innate Abilities, Weirdness & Mutations

You are surrounded by a mild repulsion field. (EV +2)
Spells you cast may paralyse adjacent enemies.


Message History

The centaur skeleton closely misses you.
The centaur skeleton completely misses you.
You hit the centaur skeleton.
The centaur skeleton is moderately damaged.
The centaur skeleton misses you. The centaur skeleton kicks you.
You hit the centaur skeleton.
The centaur skeleton is moderately damaged.
The centaur skeleton hits you. The centaur skeleton kicks you.
The centaur skeleton closely misses you. x2
e - a +0 short sword (weapon)
You hit the centaur skeleton but do no damage.
The centaur skeleton is moderately damaged.
The centaur skeleton hits you.
* * * LOW HITPOINT WARNING * * *
The centaur skeleton kicks you.
* * * LOW HITPOINT WARNING * * *
The centaur skeleton hits you but does no damage.
The centaur skeleton kicks you but does no damage.
The centaur skeleton closely misses you.
The centaur skeleton kicks you but does no damage.
You hit the centaur skeleton.
The centaur skeleton is heavily damaged.
The centaur skeleton closely misses you.
The centaur skeleton kicks you but does no damage.
You hit the centaur skeleton.
The centaur skeleton is severely damaged.
The centaur skeleton closely misses you.
The centaur skeleton misses you.
You hit the centaur skeleton but do no damage.
The centaur skeleton is severely damaged.
The centaur skeleton barely misses you.
The centaur skeleton closely misses you.
The centaur skeleton hits you.
* * * LOW HITPOINT WARNING * * *
The centaur skeleton kicks you.
* * * LOW HITPOINT WARNING * * *
You hit the centaur skeleton.
The centaur skeleton is severely damaged.
The centaur skeleton hits you.
You die...

######### ."......# ########
.....)..####......#########
.........Z@................
........####......#########
...################ ## #.. #.
#(######### #.####
#.#.........
####....###.#...........#####
.............................
######.###.###############.#


You could see a centaur skeleton.

Vanquished Creatures
  An adder (D:2)
  4 dart slugs
  4 ball pythons
  2 endoplasms (D:2)
  2 giant cockroaches (D:1)
  4 goblins (D:1)
  3 hobgoblins
  3 quokkas
  2 bats (D:1)
  14 frilled lizards (D:1)
  4 kobolds (D:1)
  2 rats (D:1)
45 creatures vanquished.

Vanquished Creatures (others)
  3 plants (D:1)
3 creatures vanquished.

Grand Total: 48 creatures vanquished

Notes
Turn   | Place    | Note
-------+----------+-------------------------------------------
     0 | D:1      | vvl the Demonspawn Venom Mage began the quest for the Orb.
     0 | D:1      | Reached XP level 1. HP: 13/13 MP: 3/3
    56 | D:1      | Reached skill level 1 in Transmutations
   342 | D:1      | Gained mutation: Spells you cast may paralyse adjacent
                  | enemies. [demonic ancestry]
   342 | D:1      | Reached XP level 2. HP: 19/19 MP: 1/5
   962 | D:1      | Gained mutation: You are surrounded by a mild repulsion
                  | field. (EV +2) [demonic ancestry]
   962 | D:1      | Reached XP level 3. HP: 24/24 MP: 2/6
  2124 | D:2      | Slain by a centaur skeleton

Illustrated notes

Levels and vault maps discovered:
D:1:      dpeg_arrival_another_circle, layout_basic, minmay_lizard_king
D:2:      cheibrodos_old_hovel, layout_basic, chequers_ecumenical_altar_lobes,
          uniq_robin

Skill      XL: |  1  2 |
---------------+-------+-----
Transmutations | 1 |  1.5
Stealth        | 2 |  2.0
Dodging        | 2 |  2.2
Spellcasting   | |  2.4
Poison Magic   | |  3.8

Action                   || total
-------------------------++-------
Melee: Unarmed           ||    43
       Staff             ||    19
       Short sword       ||     5
       Punch             ||     1
 Cast: Sting             ||    58
 Stab: Paralysed         ||     2
Armor: Robe              ||    15
Dodge: Dodged            ||    88
